 Dungeon Crawl Stone Soup version 0.24.0-1-gfbc8707122 (webtiles) character file.

Game seed: 15694838514247281312, levelgen mode: deterministic

676 Aviak the Insei (level 7, 0/48 HPs)
             Began as an Octopode Transmuter on Oct 27, 2019.
             Slain by a sky beast (5 damage)
             ... on level 6 of the Dungeon.
             The game lasted 00:07:59 (5526 turns).

Aviak the Insei (Octopode Transmuter)               Turns: 5526, Time: 00:08:00

Health: 0/48       AC:  1    Str: 18    XL:     7   Next: 59%
Magic:  11/11      EV: 18    Int: 21    God:
Gold:   193        SH:  0    Dex: 19    Spells: 6/12 levels left

rFire    . . .     SeeInvis .     - Unarmed
rCold    . . .     Gourm    .   u - +0 buckler
rNeg     . . .     Faith    .   (helmet restricted)
rPois    .         Spirit   .   (no amulet)
rElec    .         Reflect  .   o - ring of stealth
rCorr    .         Harm     .   s - +4 ring of strength
MR       .....                  (no ring)
Stlth    ++++......             (no ring)
HPRegen  0.16/turn              (no ring)
MPRegen  0.12/turn              (no ring)
                                (no ring)
                                (no ring)

@: confused, mighty, brilliant, agile, appendage
A: almost no armour, stealthy swim, amphibious, 8 rings, constrict 8, tentacle
spike 3, camouflage 1, gelatinous body 1
a: End Transformation


You were on level 6 of the Dungeon.
You were not hungry.
One of your tentacles had a temporary spike.
You visited 1 branch of the dungeon, and saw 6 of its levels.

You collected 193 gold pieces.

Inventory:

Missiles
 a - 53 arrows
Armour
 u - a +0 buckler (worn)
Jewellery
 o - a ring of stealth (left tentacle)
 s - a +4 ring of strength (right tentacle)
Scrolls
 d - 7 scrolls of identify {unknown}
 g - 3 scrolls of remove curse {unknown}
 i - 2 scrolls of teleportation {unknown}
 j - a scroll of fear {unknown}
 k - a scroll of enchant weapon {unknown}
 n - 2 scrolls of noise {unknown}
 p - a scroll of fog {unknown}
 r - a scroll of amnesia {unknown}
 w - a scroll of blinking {unknown}
Potions
 b - a potion of magic
 h - a potion of ambrosia
 l - a potion of heal wounds {unknown}
 m - a potion of agility
 q - a potion of resistance
 v - a potion of experience {unknown}
 x - a potion of mutation {unknown}
Comestibles
 c - 4 rations


   Skills:
 + Level 4.0 Fighting
 + Level 2.1 Dodging
 + Level 0.3 Shields
 - Level 5.0 Unarmed Combat
 - Level 3.0 Spellcasting
 + Level 4.4 Transmutations
 - Level 3.0 Poison Magic


You had 6 spell levels left.
You knew the following spells:

 Your Spells              Type           Power        Failure   Level  Hunger
a - Beastly Appendage     Tmut           ####..       1%          1    None
b - Sticks to Snakes      Tmut           ####....     1%          2    ##.....
c - Spider Form           Tmut/Pois      ####......   1%          3    ###....

Your spell library contained the following spells:

 Spells                   Type           Power        Failure   Level  Hunger
 Ice Form                 Ice/Tmut       ####....     10%         4    ####...
 Blade Hands              Tmut           ####......   11%         5    ######.


Dungeon Overview and Level Annotations

Branches:
Dungeon (6/15)             Temple (0/1) D:5

Altars:
Ashenzari
Dithmenos
Elyvilon
Fedhas
Gozag
Makhleb
Nemelex Xobeh
Xom
Yredelemnul
Zin


Innate Abilities, Weirdness & Mutations

You cannot wear most types of armour.
You are very stealthy in the water. (Stealth+)
You are amphibious.
You can wear up to eight rings at the same time.
You can use your tentacles to constrict eight enemies at once.
Your skin changes colour to match your surroundings (Stealth+).
Your rubbery body absorbs attacks. (AC +1, EV +1)
One of your tentacles bears a large vicious spike.


Message History

It was a potion of curing.
You feel better. You block something's attack.
It was a potion of might.
You feel very mighty all of a sudden. Something hits you.
* * * LOW HITPOINT WARNING * * *
Something shocks you.
* * * LOW HITPOINT WARNING * * *
Okay, then.
It was a potion of ambrosia.
You are confused.
You feel invigorated. Something hits you.
* * * LOW HITPOINT WARNING * * *
Something shocks you.
* * * LOW HITPOINT WARNING * * *
It was a potion of brilliance.
You feel clever all of a sudden. Something hits you.
* * * LOW HITPOINT WARNING * * *
Something shocks you.
You die...

. ...... ##. ..... #..
....# ..######.. ...#
.......<.. . #..#
......#... ..# ##..##
.....# ##.# ....#.{..#
..... ##..#
#....@.###.... ##...#
##..[......... ##....#
#..##........##.....# #.#
#...#......###... ##..
##..##.....# #...
...###..###....# ##...
.....#.>.##.....####....
..........#........#....#
.......................##


There were no monsters in sight!

Vanquished Creatures
  An ice beast (D:5)
  A centaur (D:5)
  A crimson imp (D:5)
  A hound (D:5)
  2 orc priests
  Crazy Yiuf (D:2)
  2 orc wizards
  A bullfrog skeleton (D:4)
  A worker ant (D:5)
  Natasha (thrice) (D:4)
  A hound zombie (D:5)
  7 adders
  A shadow imp (D:6)
  An adder zombie (D:2)
  A worm (D:2)
  2 dart slugs
  3 leopard geckos
  14 orcs
  2 bats
  5 giant cockroaches
  5 goblins
  9 hobgoblins
  4 kobolds
  2 quokkas
  3 ball pythons
  2 frilled lizards
  A quokka zombie (D:5)
  A rat (D:1)
  2 fungi (D:2)
80 creatures vanquished.

Vanquished Creatures (collateral kills)
  A hound (D:5)
  2 adders (D:3)
  A worm (D:2)
  An orc (D:5)
  A bat (D:3)
  A ball python (D:3)
7 creatures vanquished.

Grand Total: 87 creatures vanquished

Notes
Turn   | Place    | Note
-------+----------+-------------------------------------------
     0 | D:1      | Aviak the Octopode Transmuter began the quest for the Orb.
     0 | D:1      | Reached XP level 1. HP: 13/13 MP: 3/3
   197 | D:1      | Reached XP level 2. HP: 18/18 MP: 5/5
   829 | D:2      | Found a shadowy altar of Dithmenos.
   830 | D:2      | Found a burning altar of Makhleb.
   835 | D:2      | Found a glowing silver altar of Zin.
   838 | D:2      | Reached XP level 3. HP: 22/23 MP: 4/6
   842 | D:2      | Learned a level 2 spell: Sticks to Snakes
   849 | D:2      | Found a white marble altar of Elyvilon.
   849 | D:2      | Found a blossoming altar of Fedhas.
   849 | D:2      | Found a shattered altar of Ashenzari.
   849 | D:2      | Found a sparkling altar of Nemelex Xobeh.
   849 | D:2      | Found a basalt altar of Yredelemnul.
   853 | D:2      | Found a shimmering altar of Xom.
   857 | D:2      | Found an opulent altar of Gozag.
  1615 | D:2      | Reached XP level 4. HP: 16/29 MP: 1/7
  2015 | D:2      | Found a runed translucent door.
  2016 | D:2      | Noticed Crazy Yiuf
  2025 | D:2      | Killed Crazy Yiuf
  2904 | D:3      | Reached XP level 5. HP: 30/35 MP: 9/9
  3066 | D:3      | Learned a level 3 spell: Spider Form
  3097 | D:3      | Reached skill level 4 in Unarmed Combat
  3102 | D:3      | Reached skill level 1 in Poison Magic
  3628 | D:4      | Reached XP level 6. HP: 41/41 MP: 10/10
  3763 | D:4      | Noticed Natasha
  3774 | D:4      | Killed Natasha
  4040 | D:4      | Noticed Natasha
  4047 | D:4      | Killed Natasha
  4268 | D:4      | Noticed Natasha
  4276 | D:4      | Killed Natasha
  4396 | D:5      | Entered Level 5 of the Dungeon
  4807 | D:5      | Noticed an ice beast
  4833 | D:5      | Killed an ice beast
  4833 | D:5      | Reached XP level 7. HP: 14/46 MP: 1/11
  5294 | D:5      | Reached skill level 5 in Unarmed Combat
  5341 | D:5      | Found a staircase to the Ecumenical Temple.
  5525 | D:6      | HP: 2/48 [something (5)]
  5526 | D:6      | Slain by a sky beast

Levels and vault maps discovered:
D:1:      dpeg_arrival_lava_temple_mockup, layout_loops_ring
D:2:      layout_loops_ring, minitemple, minivault_14, uniq_crazy_yiuf_cottage
D:3:      layout_rooms, first_ration, minmay_shallow_snake_nest
D:4:      layout_gridville, uniq_natasha
D:5:      layout_basic, minmay_temple_entry_gardened_gates
D:6:      layout_layer_cave

Skill      XL: |  1  2  3  4  5  6  7 |
---------------+----------------------+-----
Fighting       | 2 3 4 |  4.0
Transmutations | 3 4 |  4.4
Spellcasting   | 3 |  3.0
Unarmed Combat | 4 5 |  5.0
Poison Magic   | 1 2 3 |  3.0
Dodging        | |  2.1
Shields        | |  0.3

Action                   |  1- 3 |  4- 6 |  7- 9 || total
-------------------------+-------+-------+-------++-------
Melee: Unarmed           |    55 |   134 |    32 ||   221
       Constrict         |    16 |    33 |     8 ||    57
       Tentacles         |     6 |    27 |     6 ||    39
       Kick              |     6 |    23 |     3 ||    32
       Punch             |     1 |     3 |     3 ||     7
 Cast: Beastly Appendage |     8 |    13 |     4 ||    25
       Sticks to Snakes  |     5 |    10 |     3 ||    18
       Spider Form       |       |     1 |       ||     1
  Use: Scroll            |     1 |       |       ||     1
       Potion            |       |     5 |     5 ||    10
 Stab: Sleeping          |     8 |     6 |     1 ||    15
  Eat: Chunk             |     1 |     9 |     2 ||    12
       Ration            |       |     1 |       ||     1
Armor: Skin              |     3 |     9 |     2 ||    14
Dodge: Dodged            |    35 |    68 |    24 ||   127
Block: Buckler           |       |       |     2 ||     2
